AoeStats
← MP

Arabia

510407805Analyzed
2v2 RM · 14h ago on Sep 30, 2026· 33m 44s· 4 players
Game mode
Random Map
Map size
Medium (4 player)
Population
200
Speed
Normal
Resources
Standard
Victory
Conquest
Starting age
Dark Age
Ending age
Imperial Age
RankedLock teamsTeams togetherTeam positionsShared explorationLock speedFull tech treeHidden civsTurbo modeCheats
Victory
Defeat
🇪🇸 Vietnamese · Spain
1000
+14
🇦🇷 Italians · Argentina
996
+14
🇨🇱 Poles · Chile
962
-14
🇧🇷 Turks · Brazil
955
-14
HaseN
3:07 Loom
9:45 Feudal Age
10:30 Double-Bit Axe
15:21 Horse Collar
19:04 Castle Age
22:44 Gold Mining
23:11 Bow Saw
25:04 Fletching
26:01 Bodkin Arrow
27:27 Ballistics
27:32 Padded Archer Armor
28:56 Heavy Plow
29:32 Thumb Ring
31:27 Leather Archer Armor
32:38 Wheelbarrow
35:28 Imperial Age
33:18 Stone Mining
33:51 Hand Cart
drp0019
8:00 Loom
10:29 Feudal Age
11:29 Man-at-Arms
13:45 Arson
17:22 Double-Bit Axe
24:25 Castle Age
23:43 Forging
24:30 Pikeman
25:11 Squires
27:35 Iron Casting
27:29 Horse Collar
28:51 Squires
29:46 Fletching
29:56 Town Watch
36:53 Imperial Age
Gwyn
9:32 Feudal Age
10:08 Double-Bit Axe
15:38 Loom
19:31 Castle Age
18:51 Horse Collar
19:04 Gold Mining
19:28 Bloodlines
22:15 Bow Saw
25:12 Elite Skirmisher
25:57 Thumb Ring
29:01 Wheelbarrow
28:36 Heavy Plow
31:15 Fletching
31:26 Padded Archer Armor
36:32 Imperial Age
MP
12:58 Feudal Age
14:25 Man-at-Arms
24:11 Gold Mining
27:22 Castle Age
25:54 Stone Mining
25:55 Double-Bit Axe
28:43 Wheelbarrow
30:14 Bow Saw
31:05 Hand Cart
Connection lost

Rejoining the realm…

Still unreachable

The connection could not be restored.

Session expired

The server has moved on; the page needs a fresh start.